 Dungeon Crawl Stone Soup version 0.31-a0-675-g238779eb0a (webtiles) character file.

Game seed: 15613080794760674289

60 Xavori the Cutter (level 4, -1/32 HPs)
             Began as an Octopode Chaos Knight on Sept 6, 2023.
             Was a Plaything of Xom.
             Slain by Crazy Yiuf
             ... wielding a +4 quarterstaff of chaos
              (4 damage)
             ... on level 2 of the Dungeon.
             The game lasted 00:01:17 (4160 turns).

Xavori the Cutter (Octopode Chaos Knight)           Turns: 4160, Time: 00:01:17

Health: -1/32      AC:  3    Str: 11    XL:     4   Next: 6%
Magic:  0/4        EV: 13    Int: 10    God:    Xom [.*....]
Gold:   110        SH:  0    Dex: 13    Spells: 3/3 levels left

rFire   . . .        a - +0 short sword (chaos)
rCold   . . .        (no shield)
rNeg    . . .        (helmet currently unavailable)
rPois   .            (no amulet)
rElec   .            (no ring)
rCorr   .            (no ring)
SInv    .            (no ring)
Will    .....        (no ring)
Stlth   +++          (no ring)
HPRegen 0.25/turn    (no ring)
MPRegen 0.09/turn    (no ring)
                     (no ring)

%: clarity
@: beast-form
A: beast (slay +0), almost no armour, amphibious, 8 rings, camouflage 1,
gelatinous body 1, (nimble swimmer 1), tentacles, iridescent scales 1, clarity,
dopey 2, inability to read after injury 1
a: Begin Untransformation, Renounce Religion


You were on level 2 of the Dungeon.
You worshipped Xom.
You were a plaything of Xom.
You were a hulking beast.
You visited 1 branch of the dungeon, and saw 2 of its levels.

You collected 110 gold pieces.

Inventory:

Hand Weapons
 a - a +0 short sword of chaos (weapon)
Talismans
 k - a beast talisman (active)
Scrolls
 b - a scroll of butterflies
 d - 3 scrolls of immolation {unknown}
 e - a scroll of torment {unknown}
 f - a scroll of poison {unknown}
 g - 3 scrolls of teleportation {unknown}
 h - a scroll of revelation {unknown}
 l - a scroll of enchant armour {unknown}
 n - a scroll of fog {unknown}
 o - 3 scrolls of identify {unknown}
Potions
 c - a potion of might {unknown}
 i - a potion of mutation {unknown}
 j - 2 potions of heal wounds {unknown}
 m - a potion of brilliance {unknown}


   Skills:
 + Level 3.6 Fighting
 + Level 3.7 Short Blades
 + Level 2.9 Dodging
 + Level 0.8 Stealth
 * Level 0.2 Shapeshifting


You had 3 spell levels left.
You didn't know any spells.
Your spell library contained the following spells:

 Spells                   Type           Power      Damage    Failure   Level
 Sublimation of Blood     Necr           0%         N/A       50%         2
 Petrify                  Tmut/Erth      0%         N/A       98%         4
 Irradiate                Conj/Tmut      0%         3d11      100%        5


Dungeon Overview and Level Annotations

Branches:
Dungeon (2/15)

Altars:

Annotations:
D:2 Crazy Yiuf


Innate Abilities, Weirdness & Mutations

You are a hulking beast.
Your limbs bulge with bestial killing power. (Slay +0)
You cannot wear most types of armour.
You are amphibious.
You can wear up to eight rings at the same time.
Your skin changes colour to match your surroundings (Stealth+).
Your rubbery body absorbs attacks. (AC +1, EV +1)
((You are camouflaged when in or above water. (Stealth+)))
You have tentacles for arms and can constrict up to eight enemies at once.
You are partially covered in iridescent scales. (AC +2)
You possess an exceptional clarity of mind.
You are very dopey. (Int -4)
You occasionally lose the ability to read scrolls when taking damage.


Message History

No reachable target in view!
As you open the door, it creaks loudly!
You hit Crazy Yiuf. You freeze Crazy Yiuf. You grab Crazy Yiuf.
Crazy Yiuf is lightly wounded.
You constrict Crazy Yiuf.
Crazy Yiuf hits you with a +4 quarterstaff of chaos!
You feel your power leaking away.
You hit Crazy Yiuf but do no damage.
Crazy Yiuf is moderately wounded.
You constrict Crazy Yiuf, but do no damage.
Crazy Yiuf hits you with a +4 quarterstaff of chaos!
Crazy Yiuf burns you.
You hit Crazy Yiuf.
Crazy Yiuf seems to slow down.
Crazy Yiuf is moderately wounded.
You constrict Crazy Yiuf.
You are too injured to fight recklessly!
You hit Crazy Yiuf.
You feel better.
Crazy Yiuf is heavily wounded.
You constrict Crazy Yiuf.
Crazy Yiuf hits you with a +4 quarterstaff of chaos.
* * * LOW HITPOINT WARNING * * *
You resist with some effort.
Unknown command.
You hit Crazy Yiuf but do no damage.
You tentacle-slap Crazy Yiuf, but do no damage.
Crazy Yiuf is severely wounded.
You constrict Crazy Yiuf, but do no damage.
Crazy Yiuf is no longer moving slowly.
You hit Crazy Yiuf but do no damage.
Crazy Yiuf suddenly seems more resistant.
Xom is amused.
Crazy Yiuf is severely wounded.
You constrict Crazy Yiuf.
Crazy Yiuf hits you with a +4 quarterstaff of chaos!
You die... "Leave my toy alone!"
Xom revives you! Crazy Yiuf freezes you.
You die... "What!?
That's it?"

#.# ##..# #...... #.#
##...######### ######.
#.#
#............#########
#.#
#############.........
#.# #########. #.# #..
#.##### ### #..
#.....## ###..)# #..
#[.....####hg...# ##.
##......#..##...# #.
##....#.### ### #.
#.####### #. #.# ##
#.# ### ### #.# #.#
#.# #># ### #.# #.#
#.###.####.## #.#


You could see Crazy Yiuf (resistant).

Vanquished Creatures
  An adder (D:2)
  2 dart slugs (D:1)
  2 ball pythons (D:1)
  8 bats
  An endoplasm (D:2)
  2 giant cockroaches (D:1)
  3 goblins
  A hobgoblin (D:2)
  5 jackals
  3 quokkas
  3 frilled lizards
  6 kobolds (D:1)
  5 rats
42 creatures vanquished.

Notes
Turn   | Place    | Note
-------+----------+-------------------------------------------
     0 | D:1      | Xavori the Octopode Chaos Knight began the quest for the
                  | Orb.
     0 | D:1      | Reached XP level 1. HP: 16/16 MP: 1/1
    31 | D:1      | XOM: butterfly on damage
    82 | D:1      | XOM: 4-stop teleportation journey
    86 | D:1      | Reached XP level 2. HP: 21/21 MP: 2/2
   240 | D:1      | XOM: blink monster(s)
   536 | D:1      | XOM: noise
   557 | D:1      | Found a faded altar of an unknown god.
   571 | D:1      | Reached XP level 3. HP: 26/26 MP: 3/3
   856 | D:1      | XOM: god gift: scroll labelled ZEUNOR OTESHAS {god gift}
   913 | D:1      | XOM is BORED!
  1194 | D:1      | XOM: give mutations
  1194 | D:1      | Gained mutation: Your spells are a little easier to cast,
                  | but a little less powerful. [Xom's mischief]
  1194 | D:1      | Gained mutation: You are dopey. (Int -2) [Xom's mischief]
  1194 | D:1      | Gained mutation: You possess an exceptional clarity of
                  | mind. [Xom's mischief]
  1593 | D:1      | XOM: give mutations
  1593 | D:1      | Gained mutation: You are very dopey. (Int -4) [Xom's
                  | mischief]
  1593 | D:1      | Gained mutation: You occasionally shout uncontrollably at
                  | your foes. [Xom's mischief]
  1990 | D:1      | XOM: summons 1 hostile demon
  2310 | D:2      | XOM: 5-stop teleportation journey
  2680 | D:1      | XOM: give mutations
  2680 | D:1      | Lost mutation: Your spells are a little easier to cast, but
                  | a little less powerful. [Xom's mischief]
  2680 | D:1      | Gained mutation: You occasionally lose the ability to read
                  | scrolls when taking damage. [Xom's mischief]
  2680 | D:1      | Lost mutation: You occasionally shout uncontrollably at
                  | your foes. [Xom's mischief]
  2680 | D:1      | Gained mutation: You are partially covered in iridescent
                  | scales. (AC +2) [Xom's mischief]
  3773 | D:2      | Reached XP level 4. HP: 32/32 MP: 4/4
  3877 | D:2      | Found a runed translucent door.
  3878 | D:2      | Noticed Crazy Yiuf
  4160 | D:2      | Xom revived you
  4160 | D:2      | Slain by Crazy Yiuf

Illustrated notes

Levels and vault maps discovered:
D:1:      matt_arrival_spirals, layout_basic,
          shapermc_ecumenical_altar_totnotflames
D:2:      layout_loops_ring, nicolae_titane, uniq_crazy_yiuf_cottage

Action                     |  1- 3 |  4- 6 || total
---------------------------+-------+-------++-------
  Melee: Short sword       |    80 |     9 ||    89
         Constrict         |    24 |     1 ||    25
         Tentacles         |    18 |       ||    18
         Punch             |       |     1 ||     1
    Use: Scroll            |     1 |       ||     1
   Stab: Sleeping          |     7 |     2 ||     9
 Armour: Skin              |    42 |     4 ||    46
  Dodge: Dodged            |    55 |       ||    55
   Form: Beast             |     1 |       ||     1

Table legend: (Time is in decaauts)
 A = Elapsed time spent in this place.
 B = Non-inter-level travel time spent in this place.
 C = Inter-level travel time spent in this place.
 D = Time resting spent in this place.
 E = Time spent auto-exploring this place.
 F = Levels seen in this place.
 G = Mean time per level.
                   A        B        C        D        E       F      G
               +--------+--------+--------+--------+--------+-----+--------+
         Total |   4147 |   4126 |     21 |   2512 |   1347 |   2 | 2073.5 |
       Dungeon |   4147 |   4126 |     21 |   2512 |   1347 |   2 | 2073.5 |
               +--------+--------+--------+--------+--------+-----+--------+

Top non-repeatable levels by time:
     D:1: 3121 daAuts
     D:2: 1025 daAuts
